 Dungeon Crawl Stone Soup version 0.30-a0-782-ge64f9170bb (webtiles) character file.

Game seed: 2014219316866698485

28642 Ceno the Carver (level 13, -1/83 HPs)
             Began as a Tengu Reaver on Feb 18, 2023.
             Was a High Priest of Ru.
             Shot with an arrow by Nessos (8 damage)
             ... on level 3 of the Lair of Beasts.
             The game lasted 01:23:39 (21491 turns).

Ceno the Carver (Tengu Reaver)                     Turns: 21491, Time: 01:23:39

Health: -1/83      AC:  5    Str: 15    XL:     13   Next: 40%
Magic:  6/16       EV: 24    Int: 15    God:    Ru [*****.]
Gold:   1064       SH:  5    Dex: 14    Spells: 4/15 levels left

rFire   . . .      SeeInvis .    Y - +0 scimitar (freeze)
rCold   . . .      Faith    .    (no shield)
rNeg    . . .      Spirit   .    p - +3 leather armour
rPois   +          Reflect  +    (helmet restricted)
rElec   .          Harm     .    F - +2 cloak
rCorr   .          Rampage  .    m - +0 pair of gloves
Will    .....                    (boots unavailable)
Stlth   +                        A - amulet of reflection
HPRegen 0.33/turn                f - +5 ring of evasion
MPRegen 0.15/turn                M - ring of poison resistance

@: horrified, flying quickly and evasively, quick
A: beak, talons 3, hated by all, cowardly, reduced AC 1, unskilled 1, nimble
flight
a: Renounce Religion, Draw Out Power, Power Leap, Apocalypse


You were on level 3 of the Lair of Beasts.
You worshipped Ru.
Ru was extremely pleased with you.
You visited 3 branches of the dungeon, and saw 14 of its levels.

You collected 1064 gold pieces.

Inventory:

Hand Weapons
 Q - a +5 great sword
 Y - a +0 scimitar of freezing (weapon)
Missiles
 c - 85 stones (quivered)
 n - 7 javelins
 y - 2 curare-tipped darts
 I - 21 poisoned darts
Armour
 m - a +0 pair of gloves (worn)
 p - a +3 leather armour (worn)
 F - a +2 cloak (worn)
 J - a +2 scale mail of willpower
 W - +0 storm dragon scales
Jewellery
 f - a +5 ring of evasion (left hand)
 x - a ring of protection from cold
 A - an amulet of reflection (around neck)
 K - a ring of resist corrosion
 L - a ring of protection from fire
 M - a ring of poison resistance (right hand)
 R - a ring of wizardry
 S - an amulet of the acrobat
Wands
 w - a wand of paralysis (7)
 B - a wand of flame (86)
 C - a wand of roots (15)
 N - a wand of mindburst (14)
Scrolls
 g - 3 scrolls of teleportation
 h - 3 scrolls of amnesia
 k - a scroll of magic mapping {unknown}
 l - a scroll of poison {unknown}
 q - a scroll of immolation
 s - 3 scrolls of vulnerability
 t - 2 scrolls of fear
 v - 3 scrolls of blinking
 E - a scroll of fog
 H - 2 scrolls of enchant armour {unknown}
 U - 2 scrolls of noise {unknown}
 Z - a scroll of identify
Potions
 a - 2 potions of lignification
 d - a potion of attraction
 e - 5 potions of haste
 i - 5 potions of flight
 j - 2 potions of cancellation
 r - 2 potions of degeneration
 u - a potion of berserk rage {unknown}
 z - 2 potions of resistance
 D - 5 potions of curing
 G - 3 potions of heal wounds
 P - a potion of might
 V - a potion of mutation {unknown}
 X - 2 potions of brilliance


   Skills:
 + Level 10.6 Fighting
 + Level 12.3 Long Blades
 - Level 3.8 Armour
 + Level 9.6 Dodging
 - Level 1.7 Spellcasting
 - Level 9.1 Conjurations
 + Level 1.1 Translocations
 - Level 5.0 Air Magic
 - Level 4.5 Poison Magic
 + Level 5.8 Evocations


You had 4 spell levels left.
You knew the following spells:

 Your Spells              Type           Power      Damage    Failure   Level
a - Hailstorm             Conj/Ice       11%        3d5       13%         3
b - Momentum Strike       Conj/Tloc      24%        3d8       4%          2
c - Mephitic Cloud        Conj/Pois/Air  15%        N/A       7%          3
d - Cigotuvi's Dreadful   Necr/Pois/Air  16%        N/A       12%         2
e - Kiss of Death         Conj/Necr      44%        2d8       4%          1

Your spell library contained the following spells:

 Spells                   Type           Power      Damage    Failure   Level
 Poisonous Vapours        Pois/Air       24%        N/A       6%          2
 Vhi's Electric Charge    Tloc/Air       16%        N/A       24%         3
 Lesser Beckoning         Tloc           6%         N/A       26%         2
 Beastly Appendage        Tmut           2%         N/A       28%         1
 Spider Form              Tmut/Pois      6%         N/A       32%         3
 Ensorcelled Hibernation  Hex/Ice        2%         N/A       38%         2
 Wereblood                Tmut           1%         N/A       38%         2
 Gell's Gravitas          Tloc           3%         N/A       47%         3
 Teleport Other           Tloc           3%         N/A       47%         3
 Anguish                  Hex/Necr       0%         N/A       95%         4
 Arcjolt                  Conj/Air       8%         1d18      38%         5
 Dispersal                Tloc           1%         N/A       100%        6
 Maxwell's Capacitive Co  Air            6%         ∞         100%        8


Dungeon Overview and Level Annotations

Branches:
Dungeon (10/15)            Temple (1/1) D:4            Lair (3/5) D:10
  Swamp (0/4) Lair:3        Snake (0/4) Lair:2          Orc (0/2) D:10

Altars:
Ashenzari
Cheibriados
Dithmenos
Elyvilon
Gozag
Kikubaaqudgha
Makhleb
Nemelex Xobeh
Okawaru
Qazlal
Ru
Sif Muna
Trog
Uskayaw
Vehumet
Wu Jian
Xom
Zin
The Shining One

Shops:
D:5 :   D:6 [   D:8 *

Annotations:
D:4 Menkaure
Lair:1 3 runed translucent doors, Zonian's ghost, journeyman VSBr
Lair:3 Nessos


Innate Abilities, Weirdness & Mutations

You have a beak for a mouth.
You have claws for feet.
You are hated by all.
Your cowardice makes you less effective in combat with threatening foes.
You take slightly more damage. (AC -5)
You are somewhat unskilled. (-1 Apt)
Your magical nature lets you fly swiftly and evasively.


Message History

You feel yourself slow down.
Casting: Hailstorm (dangerous; 13% risk of failure)
Confirm with . or Enter, or press ? or * to list all spells.
Casting: Hailstorm (dangerous; 13% risk of failure)
Press: ? - help, Dir - look around, f - activate A cannonade of hail descends around you!
The hail pelts the bog body!
The bog body partially resists.
The bog body is heavily damaged.
You redirect the bog body's attack!
The bog body touches you. The bog body freezes you!!
You hit the bog body. Your kick misses the bog body.
The bog body is heavily damaged.
You block the bog body's attack.
You completely miss the bog body. Your kick misses the bog body.
Your peck misses the bog body. Your punch misses the bog body.
The bog body is heavily damaged.
The bog body casts a spell at you. The bolt of cold misses you.
You slash the bog body! You freeze the bog body. You claw the bog body.
Your peck misses the bog body.
The bog body is almost destroyed.
The bog body touches you! The bog body freezes you!!
* * * LOW HITPOINT WARNING * * *
Aiming: Power Leap
Press: ? - help, Dir - move target You destroy the bog body!
Your magical contamination has completely faded away.
You see here a bog body corpse.
There is a stone staircase leading up, spattered with blood here.
You start resting.
Nessos the Markscentaur comes into view.
They are carrying a wand of quicksilver (4).
You feel a twist of horror at the sight of this foe.
You feel yourself speed up.
You feel less exhausted.
Nessos shouts!
Nessos drinks a potion.
Nessos seems to speed up.
Nessos wields a +3 longbow of flaming.
It bursts into flame!
Nessos shoots an arrow.
The arrow hits you!!
* * * LOW HITPOINT WARNING * * *
The arrow burns you!
You die...

........................#.P....#⌠
..........c...^..................
........................#.#....##
....................P##......##.#
..........#P....########...### #
##############...#.# #...#
##...## ##...# # #††..# #....##
### ##@..# #.....# #..
##..####.....# ##. #..#.#......#
##÷ ##...#......###÷.
#....#......##.. #P..##.....#....
#.)........#...# ###............#
##............#


You could see Nessos (fast).

Vanquished Creatures
  A boulder beetle (Lair:3)
  A two-headed ogre (D:10)
  Urug (Lair:1)
  A death yak (Lair:1)
  Nergalle (Lair:1)
  Amaemon (Lair:1)
  Lodul (D:10)
  A bog body (Lair:3)
  5 black mambas
  7 centaur zombies (D:10)
  An orange demon (Lair:1)
  4 unseen horror zombies (D:10)
  3 cane toads
  3 komodo dragons (Lair:2)
  4 rime drakes
  An unseen horror (D:8)
  2 ice devils
  A freezing wraith (Lair:1)
  6 polar bears
  9 blink frogs
  A shadow (D:10)
  4 wyverns
  A wraith (D:9)
  16 yaks
  A death yak simulacrum (Lair:2)
  4 steam dragons
  3 vampire mosquitoes (D:10)
  15 water moccasins
  An acid dragon (D:9)
  Duvessa (D:6)
  3 orc warriors (D:9)
  8 black bears
  5 ice beasts
  4 sky beasts
  10 ogres
  A centaur (D:5)
  20 wolves
  2 kobold brigands
  5 bullfrogs
  A necrophage (D:6)
  A two-headed ogre simulacrum (Lair:2)
  A gnoll sergeant (D:6)
  3 scorpions
  3 wights (D:9)
  Dowan (D:5)
  An elephant simulacrum (Lair:2)
  6 howler monkeys
  2 jellies
  7 orc priests
  2 hounds
  A gnoll bouda (D:6)
  4 iguanas
  Crazy Yiuf (D:5)
  Natasha (thrice) (D:4)
  10 orc wizards
  Robin (D:4)
  10 adders
  18 gnolls
  A naga simulacrum (Lair:2)
  3 white imps
  2 ufetubi
  A worm (D:4)
  3 dart slugs
  32 orcs
  A ball python (D:1)
  2 endoplasms
  A giant cockroach (D:1)
  15 goblins
  6 hobgoblins
  3 jackals (D:1)
  5 quokkas
  3 bats
  11 kobolds
  4 rats
328 creatures vanquished.

Vanquished Creatures (others)
  A hydra (Lair:3)
  A bog body (Lair:3)
  A cane toad (Lair:2)
  27 fungi
  41 plants
71 creatures vanquished.

Grand Total: 399 creatures vanquished

Notes
Turn   | Place    | Note
-------+----------+-------------------------------------------
     0 | D:1      | Ceno the Tengu Reaver began the quest for the Orb.
     0 | D:1      | Reached XP level 1. HP: 12/12 MP: 4/4
   322 | D:1      | Reached XP level 2. HP: 14/17 MP: 6/6
   329 | D:1      | Learned a level 2 spell: Momentum Strike
  1352 | D:2      | Reached skill level 4 in Long Blades
  1352 | D:2      | Reached XP level 3. HP: 22/22 MP: 2/7
  2339 | D:3      | Reached XP level 4. HP: 10/27 MP: 3/8
  2500 | D:4      | Noticed Natasha
  2587 | D:4      | Killed Natasha
  2588 | D:4      | Reached skill level 5 in Conjurations
  2588 | D:4      | Gained mutation: Your magical nature lets you fly swiftly
                  | and evasively. [Tengu growth]
  2588 | D:4      | Reached XP level 5. HP: 32/32 MP: 6/9
  2624 | D:4      | Found a sacrificial altar of Ru.
  2632 | D:4      | Became a worshipper of Ru the Awakened
  2760 | D:3      | Reached skill level 5 in Long Blades
  2857 | D:4      | Noticed Natasha
  2871 | D:4      | Killed Natasha
  2872 | D:4      | Reached XP level 6. HP: 37/37 MP: 7/10
  3145 | D:4      | Noticed Natasha
  3158 | D:4      | Killed Natasha
  3202 | D:4      | Noticed Menkaure
  3362 | D:4      | Found a staircase to the Ecumenical Temple.
  3371 | Temple   | Entered the Ecumenical Temple
  3612 | D:4      | Noticed Robin
  3628 | D:4      | Killed Robin
  3897 | D:5      | Entered Level 5 of the Dungeon
  4035 | D:5      | Found Ser Heno's Book Shop.
  4084 | D:5      | Reached XP level 7. HP: 36/43 MP: 9/11
  4383 | D:5      | Reached skill level 6 in Long Blades
  4468 | D:5      | Found a burning altar of Makhleb.
  4473 | D:5      | Found a broken altar of Ashenzari.
  4477 | D:5      | Found a bloodstained altar of Trog.
  5087 | D:5      | Gained mutation: You take slightly more damage. (AC -5) [Ru
                  | sacrifice]
  5087 | D:5      | Reached * piety under Ru
  5115 | D:5      | Found a runed translucent door.
  5116 | D:5      | Noticed Crazy Yiuf
  5148 | D:5      | Killed Crazy Yiuf
  5149 | D:5      | Reached skill level 1 in Air Magic
  5294 | D:5      | Found a stormy altar of Qazlal.
  5858 | D:6      | Reached XP level 8. HP: 33/44 MP: 12/12
  6083 | D:6      | Reached skill level 5 in Fighting
  6308 | D:6      | Noticed Duvessa
  6402 | D:6      | Noticed Dowan
  6412 | D:6      | Killed Duvessa
  6424 | D:5      | Killed Dowan
  6691 | D:6      | Reached skill level 7 in Long Blades
  6724 | D:6      | Learned a level 3 spell: Mephitic Cloud
  7255 | D:6      | Found Reowoug's Antique Armour Shoppe.
  7449 | D:7      | Reached XP level 9. HP: 30/55 MP: 13/13
  7586 | D:7      | Reached skill level 5 in Air Magic
  7607 | D:7      | Identified the +5 sling of Ancient Evil {elec, rN+ Int+3
                  | Dex+3}
  8414 | D:7      | Reached skill level 1 in Poison Magic
  8918 | D:8      | Found Gozag's Platinum Reserve.
  8918 | D:8      | Found an opulent altar of Gozag.
  8938 | D:8      | Reached skill level 8 in Long Blades
  8938 | D:8      | Reached skill level 10 in Conjurations
  8968 | D:8      | Learned a level 2 spell: Cigotuvi's Dreadful Rot
  9101 | D:8      | Gained mutation: Your cowardice makes you less effective in
                  | combat with threatening foes. [Ru sacrifice]
  9101 | D:8      | Reached ** piety under Ru
  9475 | D:8      | Reached XP level 10. HP: 59/63 MP: 9/14
 10144 | D:8      | Found a shimmering blue altar of Sif Muna.
 10252 | D:8      | Killed an unseen horror
 10253 | D:8      | Reached skill level 9 in Long Blades
 11384 | D:9      | Reached skill level 5 in Dodging
 11706 | D:10     | Entered Level 10 of the Dungeon
 11720 | D:10     | Noticed a two-headed ogre
 11930 | D:9      | Reached skill level 5 in Poison Magic
 12077 | D:9      | Reached skill level 1 in Armour
 13061 | D:10     | Killed a two-headed ogre
 13062 | D:10     | Reached skill level 10 in Long Blades
 13062 | D:10     | Reached XP level 11. HP: 50/63 MP: 7/15
 13234 | D:10     | Found a staircase to the Lair.
 13740 | D:10     | Found a staircase to the Orcish Mines.
 14028 | D:10     | Gained mutation: You are somewhat unskilled. (-1 Apt) [Ru
                  | sacrifice]
 14028 | D:10     | Reduced skill Long Blades to level 9
 14028 | D:10     | Reduced skill Spellcasting to level 1
 14028 | D:10     | Reached *** piety under Ru
 14208 | D:10     | Noticed Lodul
 14390 | D:10     | Killed Lodul
 14391 | D:10     | Reached skill level 10 in Long Blades
 14722 | D:10     | Found a basalt altar of Yredelemnul.
 14965 | Lair:1   | Entered Level 1 of the Lair of Beasts
 14990 | D:10     | Upgraded the game from 0.30-a0-779-g7971cf19c3 to
                  | 0.30-a0-782-ge64f9170bb
 14994 | D:10     | Learned a level 3 spell: Hailstorm
 15296 | Lair:1   | Reached skill level 1 in Evocations
 15339 | Lair:1   | Noticed Urug
 15344 | Lair:1   | Found a runed translucent gate.
 15344 | Lair:1   | Found a runed translucent gate.
 15344 | Lair:1   | Found a runed translucent gate.
 15344 | Lair:1   | Noticed Nergalle
 15826 | Lair:1   | Killed Nergalle
 15827 | Lair:1   | Reached XP level 12. HP: 64/76 MP: 4/15
 16100 | Lair:1   | Reached skill level 11 in Long Blades
 16104 | Lair:1   | Killed Urug
 16163 | Lair:1   | Noticed Zonian's ghost (journeyman VSBr)
 16222 | Lair:1   | Noticed a death yak
 16943 | Lair:1   | Noticed Amaemon
 17004 | Lair:1   | Killed Amaemon
 17010 | Lair:1   | HP: 3/74 [poisoned by a scorpion]
 18014 | Lair:2   | Reached skill level 10 in Fighting
 18460 | Lair:2   | Found a staircase to the Snake Pit.
 18788 | Lair:2   | Gained mutation: You are hated by all. [Ru sacrifice]
 18788 | Lair:2   | Reached **** piety under Ru
 18788 | Lair:2   | Reached ***** piety under Ru
 19040 | Lair:2   | Reached skill level 5 in Air Magic
 19181 | Lair:2   | Reached XP level 13. HP: 49/82 MP: 10/16
 19426 | Lair:1   | Reached skill level 5 in Evocations
 19580 | Lair:2   | Reached skill level 12 in Long Blades
 21337 | Lair:3   | Reached skill level 1 in Translocations
 21444 | Lair:3   | Found a staircase to the Swamp.
 21490 | Lair:3   | Noticed Nessos
 21491 | Lair:3   | Shot with an arrow by Nessos

Illustrated notes

Levels and vault maps discovered:
D:1:      minmay_arrival_hallway, layout_basic
D:2:      layout_loops_ring
D:3:      layout_basic
D:4:      layout_loops_cross, old_standard_altar, minmay_temple_entry_grid,
          uniq_natasha, uniq_robin, uniq_menkaure
D:5:      layout_loops_ring, nicolae_qazlal_eye_of_the_storm,
          minmay_overflow_temple_star_quad, serial_shops,
          nicolae_shop_statue_plus, uniq_crazy_yiuf_cottage
D:6:      layout_rooms, serial_shops, shop, nicolae_sextant, uniq_duvessa
D:7:      layout_basic
D:8:      layout_rooms, nicolae_gozag_zags_fifth_avenue, tgw_sif,
          hangedman_misty_isle
D:9:      layout_cave_pods
D:10:     layout_loops_ring, nicolae_yredelemnul_corpse_copse,
          hellmonk_lair_entry_icy, uniq_lodul
Temple:   nicolae_temple_ecumenical_triangle
Lair:1:   beast_lair_carwin_large_3, layout_cave_pods, gammafunk_ghost_split,
          uniq_amaemon, uniq_urug, uniq_nergalle
Lair:2:   dreamdust_isle_of_ice, layout_loops_ring,
          minmay_snake_entry_six_corridors
Lair:3:   layout_hall_layers, skrybe_swamp_entry_bodies, basic_altar,
          grunt_megastairs_3, uniq_nessos

Skill      XL: |  1  2  3  4  5  6  7  8  9 10 11 12 13 |
---------------+----------------------------------------+-----
Long Blades    | 4 5 6 7 8 10 10 11 12 | 12.3
Fighting       | 3 4 5 7 8 9 10 | 10.6
Conjurations   | 5 7 8 9 10 9 |  9.1
Air Magic      | 1 4 5 4 5 |  5.0
Poison Magic   | 3 5 4 |  4.5
Dodging        | 3 6 7 9 |  9.6
Armour         | 3 |  3.8
Spellcasting   | 1 |  1.7
Evocations     | 1 4 5 |  5.8
Translocations | 1 |  1.1

Action                     |  1- 3 |  4- 6 |  7- 9 | 10-12 | 13-15 || total
---------------------------+-------+-------+-------+-------+-------++-------
  Melee: Falchion          |    76 |    63 |   325 |    65 |       ||   529
         Kick              |    16 |    22 |   119 |   280 |    71 ||   508
         Peck              |    10 |    10 |    64 |   188 |    39 ||   311
         Punch             |       |     1 |     1 |     8 |     1 ||    11
         Scimitar          |       |       |       |   665 |   161 ||   826
  Throw: Stone             |     2 |     2 |     5 |    20 |     4 ||    33
         Dart              |       |     6 |     1 |     3 |     5 ||    15
   Cast: Momentum Strike   |     7 |     8 |    42 |    37 |     5 ||    99
         Kiss of Death     |       |     2 |     2 |     3 |       ||     7
         Mephitic Cloud    |       |       |    16 |    50 |    14 ||    80
         Cigotuvi's Dreadf |       |       |       |     6 |       ||     6
         Hailstorm         |       |       |       |    50 |    17 ||    67
 Invoke: Sacrifice Health  |       |       |     1 |       |       ||     1
         Sacrifice Courage |       |       |     1 |       |       ||     1
         Sacrifice Skill   |       |       |       |     1 |       ||     1
         Draw Out Power    |       |       |       |     4 |     1 ||     5
         Sacrifice Love    |       |       |       |     1 |       ||     1
         Power Leap        |       |       |       |       |     2 ||     2
  Evoke: Wand              |       |       |       |     2 |     8 ||    10
    Use: Scroll            |     1 |     3 |     6 |    11 |     2 ||    23
         Potion            |       |       |       |     5 |       ||     5
   Stab: Sleeping          |       |     1 |       |       |       ||     1
         Confused          |       |       |     5 |    17 |     3 ||    25
         Distracted        |       |       |     1 |     3 |       ||     4
         Invisible         |       |       |       |     3 |       ||     3
 Armour: Leather armour    |    15 |       |    15 |    79 |     6 ||   115
         Ring mail         |       |     4 |    11 |       |       ||    15
  Dodge: Dodged            |    45 |    35 |   191 |   615 |    94 ||   980
  Block: Other             |       |     4 |    59 |   147 |    23 ||   233

Table legend: (Time is in decaauts)
 A = Elapsed time spent in this place.
 B = Non-inter-level travel time spent in this place.
 C = Inter-level travel time spent in this place.
 D = Time resting spent in this place.
 E = Time spent auto-exploring this place.
 F = Levels seen in this place.
 G = Mean time per level.
                   A        B        C        D        E       F      G
               +--------+--------+--------+--------+--------+-----+--------+
         Total |  20537 |  19518 |   1019 |   6584 |   7244 |  14 | 1466.9 |
       Dungeon |  14429 |  13545 |    884 |   3950 |   5634 |  10 | 1442.9 |
        Temple |     39 |     24 |     15 |      0 |     16 |   1 |   39.0 |
          Lair |   6067 |   5948 |    119 |   2633 |   1593 |   3 | 2022.3 |
               +--------+--------+--------+--------+--------+-----+--------+

Top non-repeatable levels by time:
  Lair:1: 3132 daAuts
     D:9: 2590 daAuts
  Lair:2: 2370 daAuts
    D:10: 1886 daAuts
     D:5: 1738 daAuts
     D:7: 1682 daAuts
     D:6: 1364 daAuts
     D:4: 1294 daAuts
     D:8: 1231 daAuts
     D:1: 1056 daAuts
     D:3: 874 daAuts
     D:2: 711 daAuts
  Lair:3: 564 daAuts
  Temple: 39 daAuts
